 Dungeon Crawl Stone Soup version 0.32-a0-131-g9dbbe29261 (webtiles) character file.

Game seed: 7587061085802513838

10812 hipposaver the Fighter (level 11, 0/86 HPs)
             Began as a Djinni Conjurer on Feb 9, 2024.
             Was an Initiate of Gozag.
             Shot with an arrow by a minotaur (3 damage)
             ... in a Gauntlet.
             The game lasted 00:43:05 (10433 turns).

hipposaver the Fighter (Djinni Conjurer)           Turns: 10433, Time: 00:43:06

Health: 0/86       AC: 20    Str:  6    XL:     11   Next: 99%
Gold:   1813       EV: 20    Int: 30    God:    Gozag SH:  0 Dex: 13

rFire   + + +        v - +3 Elemental Staff {ele, rElec rF+ rC+ AC+3}
rCold   . . .        (no shield)
rNeg    . . .        b - +3 ring mail "Loleulul" {rPois Regen+ MP+9 Int+4}
rPois   ∞            q - +2 helmet {Int+3}
rElec   +            c - +1 cloak {rPois}
rCorr   .            z - +0 pair of gloves
SInv    .            (boots unavailable)
Will    +....        (no amulet)
Stlth   +            k - +5 ring of evasion
HPRegen 1.14/turn    a - +5 ring of evasion
MPRegen 0.00/turn

%: no teleportation, infuse magic (-1 HP)
@: flying, inugami summoned
A: sickness immunity, fire resistance 2, cold vulnerability 1, float, innate
caster, HP casting, extra vitality 1
a: Renounce Religion, Potion Petition, Call Merchant, Bribe Branch


You were in a Gauntlet.
You worshipped Gozag.
Gozag was most pleased with you.
You visited 3 branches of the dungeon, and saw 14 of its levels.
You also visited: Gauntlet.

You collected 3065 gold pieces.
You spent 420 gold pieces at shops.
You paid 832 gold pieces to Gozag.

Inventory:

Hand Weapons
 d - a +0 whip of chaos
 v - the +3 Elemental Staff (weapon) {ele, rElec rF+ rC+ AC+3}
   (You acquired it on level 1 of the Lair of Beasts)

   AC+3:      It affects your AC (+3).
   rF+:       It protects you from fire.
   rC+:       It protects you from cold.
   rElec:     It insulates you from electricity.
Armour
 b - the +3 ring mail "Loleulul" (worn) {rPois Regen+ MP+9 Int+4}
   (You found it on level 3 of the Dungeon)

   Int+4:     It affects your intelligence (+4).
   rPois:     It protects you from poison MP+9: It affects your magic capacity
   (+9).
   Regen+:    It increases your rate of health regeneration.
 c - a +1 cloak of poison resistance (worn)
 q - a +2 helmet of intelligence (worn)
 z - a +0 pair of gloves (worn)
 B - the +0 pair of gloves of Nyibin {rPois Str-5 SInv Stlth+}
   (You found it in a Gauntlet)

   Str-5:     It affects your strength (-5).
   rPois:     It protects you from poison SInv: It lets you see invisible.
   Stlth+:    It makes you more stealthy.
 E - the +10 plate armour "Tellatzigu" {rCorr Str+3 Slay+2}
   (You found it in a Gauntlet)

   Str+3:     It affects your strength (+3).
   Slay+2:    It affects your accuracy & damage with ranged weapons and melee
   (+2).
   rCorr:     It protects you from acid and corrosion.
Jewellery
 a - a +5 ring of evasion (right hand)
 k - a +5 ring of evasion (left hand)
 n - a ring of resist corrosion
 t - a ring of positive energy
 D - a ring of fire
Wands
 o - a wand of polymorph (6)
 u - a wand of flame (21)
 w - a wand of roots (14)
Scrolls
 g - 4 scrolls of teleportation
 j - a scroll of revelation
 C - a scroll of identify
Potions
 e - 2 potions of curing
 f - 2 potions of lignification
 i - a potion of degeneration
 l - a potion of magic
 r - 2 potions of haste
 s - 2 potions of enlightenment
 A - 2 potions of ambrosia


   Skills:
 + Level 10.5 Fighting
 + Level 10.2 Armour
 - Level 3.3 Dodging
 - Level 1.5 Stealth
 + Level 9.1 Spellcasting
 + Level 9.1 Conjurations
 + Level 9.1 Hexes
   Level 0.0 Charms
 + Level 9.1 Summonings
 + Level 9.1 Necromancy
 + Level 9.1 Translocations
   Level 0.0 Transmutations
 + Level 9.1 Fire Magic
 + Level 9.1 Ice Magic
 + Level 9.1 Air Magic
 + Level 9.1 Earth Magic
 + Level 9.1 Alchemy


You knew the following spells:

 Your Spells              Type           Power      Damage    Failure   Level
a - Magic Dart            Conj           100%       1d8       1%          1
b - Searing Ray           Conj           100%       2d8       1%          2
c - Fulminant Prism       Conj/Alch      31%        3d15      2%          4
d - Iskenderun's Mystic   Conj/Tloc      62%        2d13      2%          4
e - Necrotise             Necr           100%       1d9       1%          1
f - Scorch                Fire           100%       2d9       1%          2
g - Call Canine Familiar  Summ           62%        N/A       1%          3
h - Frozen Ramparts       Ice            100%       1d16      1%          3
i - Summon Forest         Summ/Tloc      31%        N/A       8%          5
Your spell library was empty.

Dungeon Overview and Level Annotations

Branches:
Dungeon (11/15)            Temple (1/1) D:4            Lair (2/5) D:8
    Orc (0/2) D:10        Gauntlet (1/1)
  Swamp: Lair:2-3    Shoals: Lair:2-3     Snake: Lair:2-3    Spider: Lair:2-3

Altars:
Ashenzari
Cheibriados
Dithmenos
Elyvilon
Fedhas
Gozag
Hepliaklqana
Makhleb
Nemelex Xobeh
Okawaru
Qazlal
Ru
Trog
Uskayaw
Wu Jian
Xom
Yredelemnul
Zin
The Shining One

Shops:
D:1 [   D:5 [

Annotations:
D:8 1 runed translucent door, champdelmundo's ghost, novice DjGl Gauntlet 12 transporters, exclusion: obsidian statue


Innate Abilities, Weirdness & Mutations

You are immune to sickness and miasma.
You are immune to poison.
Your flesh is very heat resistant. (rF++)
You are vulnerable to cold. (rC-)
You float through the air rather than walking.
You learn spells naturally, not from books.
Your magical power is your life essence.
You have superior vitality. (+4 MHP)


Message History

Aiming: Searing Ray (safe; 1% risk of failure)
Press: ? - help, Shift-Dir - straight line, f - minotaur
Aim: a minotaur, wielding a +0 longbow of flaming, wearing a +0 chain mail and quivering silver javelins (heavily wounded, ally target, 90% to hit)
The searing ray hits the minotaur.
The minotaur is severely wounded. (Press . to maintain the ray.)
The wall freezes the minotaur.
The minotaur shoots an arrow.
The arrow closely misses you.
Unknown command.
The searing ray hits the minotaur but does no damage.
The minotaur is severely wounded.
The wall freezes the minotaur but does no damage.
The minotaur shoots an arrow.
The arrow barely misses you.
The searing ray hits the minotaur!
The minotaur is severely wounded.
The wall freezes the minotaur but does no damage.
The minotaur throws a silver javelin.
The silver javelin barely misses you.
The searing ray hits the minotaur but does no damage.
The minotaur is severely wounded.
You finish channelling your searing ray.
Your inugami looks more healthy.
The wall freezes the minotaur but does no damage.
The minotaur shoots an arrow.
The arrow closely misses you.
Your inugami is engulfed in poison gas.
Your inugami is poisoned.
Unknown command.
Casting: Searing Ray (safe; 1% risk of failure)
Confirm with . or Enter, or press ? or * to list all spells.
Aiming: Searing Ray (safe; 1% risk of failure)
Press: ? - help, Shift-Dir - straight line, f/p - minotaur
Aim: a minotaur, wielding a +0 longbow of flaming, wearing a +0 chain mail and quivering silver javelins (severely wounded, ally target, 90% to hit)
The searing ray hits the minotaur.
The minotaur is almost dead. (Press . to maintain the ray.)
The frozen ramparts melt away.
The minotaur shoots an arrow.
The arrow hits you!!
* * * LOW HITPOINT WARNING * * *
The arrow burns you.
You die...
Your body crumbles into a pile of gold.

#############
#...........#
#..########.#
#.#....#○°#.##
#..#H##.##○#..# ####.#
#○##.# #.#..# #h§#.#
#.#.## ##@#.#
#.#.#######§#.#
#.#.......H○#.#
#.###########.#
#.............#
#########.#########
#≈§..............≈#
####ß..©.©.©.©.©.©..ß####
### ###
#ß##≈...............≈##ß#
#ß# #ß#


You could see a minotaur (ally target) and a friendly inugami (summoned,
poisoned).

Vanquished Creatures
  A manticore (D:11)
  A black mamba (Lair:1)
  Jeremiah (D:7)
  2 komodo dragons
  A troll (D:11)
  Prince Ribbit (D:7)
  2 hornets
  A centaur simulacrum (D:10)
  3 wyverns
  11 yaks
  A wraith (D:9)
  A steam dragon (D:7)
  A basilisk (D:11)
  Menkaure (D:7)
  An acid dragon (D:11)
  2 water moccasins
  2 orc warriors
  2 black bears (D:6)
  A centaur (D:8)
  A phantom (D:6)
  2 ogres
  A kobold brigand (D:8)
  5 bullfrogs
  A scorpion (D:6)
  4 wights (D:8)
  12 killer bees
  2 vampire bats (D:10)
  A hound (D:5)
  3 bombardier beetles
  2 jellies
  9 orc priests
  2 gnoll boudas
  A sleepcap (D:7)
  10 orc wizards
  2 iguanas (D:5)
  5 adders
  18 gnolls
  3 shadow imps
  2 white imps
  3 ufetubi
  9 dart slugs
  2 ribbon worms
  44 orcs
  2 bat skeletons (D:10)
  7 endoplasms
  4 giant cockroaches
  2 goblins
  3 hobgoblins
  2 jackals (D:1)
  5 quokkas
  7 ball pythons
  5 bats
  2 frilled lizards
  14 kobolds
  6 rats
239 creatures vanquished.

Vanquished Creatures (collateral kills)
  An arcanist (Gauntlet)
  A rime drake (Lair:1)
  A nameless horror (D:10)
  A hornet (Gauntlet)
  A vampire (D:10)
  2 yaks (D:11)
  2 wyverns
  2 water moccasins (Lair:1)
  A kobold brigand (D:7)
  A gnoll sergeant (D:9)
  A scorpion (D:7)
  2 killer bees (D:7)
  2 howler monkeys
  An orc priest (D:9)
  A sleepcap (D:8)
  3 orc wizards
  A shadow imp (Gauntlet)
  An ufetubus (D:7)
  An orc (D:7)
  A bat skeleton (D:10)
  2 bat zombies (D:10)
  A kobold (D:7)
30 creatures vanquished.

Vanquished Creatures (others)
  A shadow imp (Gauntlet)
1 creature vanquished.

Grand Total: 270 creatures vanquished

Notes
Turn   | Place    | Note
-------+----------+-------------------------------------------
     0 | D:1      | hipposaver the Djinni Conjurer began the quest for the Orb.
     0 | D:1      | hipposaver set off with the following spells memorised:
                  | Magic Dart, Searing Ray, Fulminant Prism, Iskenderun's
                  | Mystic Blast.
     0 | D:1      | Reached XP level 1. HP: 15/15 MP: 0/0
   147 | D:1      | Reached XP level 2. HP: 15/22 MP: 0/0
   180 | D:1      | Found Nucrax's Antique Armour Boutique.
   267 | D:1      | Reached skill level 1 in Fighting
   294 | D:1      | You are sucked into a shaft and drop 1 floor!
   320 | D:2      | Reached XP level 3. HP: 27/27 MP: 0/0
   320 | D:2      | Learned a level 1 spell: Necrotise
   673 | D:2      | Reached XP level 4. HP: 29/32 MP: 0/0
  1140 | D:3      | Identified the +3 ring mail "Loleulul" {rPois Regen+ MP+9
                  | Int+4}
  1164 | D:3      | Reached XP level 5. HP: 33/38 MP: 0/0
  1164 | D:3      | Learned a level 2 spell: Scorch
  1301 | D:1      | Reached skill level 1 in Armour
  1668 | D:3      | Found a shadowy altar of Dithmenos.
  1818 | D:3      | Reached XP level 6. HP: 45/45 MP: 0/0
  2182 | D:3      | Found a hazy altar of Hepliaklqana.
  2578 | D:4      | Found a staircase to the Ecumenical Temple.
  2599 | Temple   | Entered the Ecumenical Temple
  2610 | Temple   | Became a worshipper of Gozag Ym Sagoz the Greedy
  2940 | D:4      | Found a bloodstained altar of Trog.
  3014 | D:4      | Reached XP level 7. HP: 50/50 MP: 0/0
  3014 | D:4      | Learned a level 3 spell: Call Canine Familiar
  3481 | D:5      | Entered Level 5 of the Dungeon
  3998 | D:5      | Reached skill level 5 in Spellcasting
  3998 | D:5      | Reached skill level 5 in Conjurations
  3998 | D:5      | Reached skill level 5 in Hexes
  3998 | D:5      | Reached skill level 5 in Summonings
  3998 | D:5      | Reached skill level 5 in Necromancy
  3998 | D:5      | Reached skill level 5 in Translocations
  3998 | D:5      | Reached skill level 5 in Fire Magic
  3998 | D:5      | Reached skill level 5 in Ice Magic
  3998 | D:5      | Reached skill level 5 in Air Magic
  3998 | D:5      | Reached skill level 5 in Earth Magic
  3998 | D:5      | Reached skill level 5 in Alchemy
  4513 | D:5      | Reached XP level 8. HP: 54/58 MP: 0/0
  4683 | D:5      | Identified a scroll of acquirement
  4683 | D:5      | Acquired 1004 gold pieces
  4694 | D:5      | Bought a glowing cloak for 210 gold pieces
  4694 | D:5      | Bought a runed helmet for 210 gold pieces
  4901 | D:6      | Reached skill level 5 in Fighting
  5049 | D:6      | Reached skill level 5 in Armour
  5301 | D:6      | Found a glowing silver altar of Zin.
  5393 | D:7      | Reached XP level 9. HP: 66/66 MP: 0/0
  5393 | D:7      | Learned a level 3 spell: Frozen Ramparts
  5493 | D:7      | Noticed Menkaure
  5502 | D:7      | Killed Menkaure
  5711 | D:7      | Noticed Prince Ribbit
  5719 | D:7      | Killed Prince Ribbit
  5794 | D:7      | Noticed Jeremiah
  5812 | D:7      | Killed Jeremiah
  5813 | D:7      | Reached XP level 10. HP: 53/75 MP: 0/0
  6120 | D:8      | Found a staircase to the Lair.
  6221 | D:8      | Found a runed translucent door.
  6222 | D:8      | Found a shimmering altar of Xom.
  6222 | D:8      | Noticed champdelmundo's ghost (novice DjGl)
  6223 | D:8      | Noticed a +0 spear of chaos
  6343 | D:8      | Found a blossoming altar of Fedhas.
  6604 | Lair:1   | Entered Level 1 of the Lair of Beasts
  6708 | Lair:1   | Noticed a komodo dragon
  6715 | Lair:1   | Killed a komodo dragon
  6881 | Lair:1   | Noticed a komodo dragon
  6964 | D:8      | Killed a komodo dragon
  7089 | Lair:1   | Noticed a rime drake
  7095 | Lair:1   | Killed a rime drake
  7096 | Lair:1   | Reached XP level 11. HP: 49/84 MP: 0/0
  7096 | Lair:1   | Learned a level 5 spell: Summon Forest
  7862 | Lair:1   | Acquired the +3 Elemental Staff {ele, rElec rF+ rC+ AC+3}
  7862 | Lair:1   | Found the +3 Elemental Staff {ele, rElec rF+ rC+ AC+3}
  8634 | D:10     | Entered Level 10 of the Dungeon
  8970 | D:10     | Found a staircase to the Orcish Mines.
  9144 | D:10     | Found a snail-covered altar of Cheibriados.
  9144 | D:10     | Found a sparkling altar of Nemelex Xobeh.
  9152 | D:10     | Found a hide-covered altar of Uskayaw.
  9446 | D:10     | Reached skill level 10 in Fighting
  9648 | D:11     | Noticed a manticore
  9656 | D:11     | Killed a manticore
  9805 | D:11     | Reached skill level 10 in Armour
  9810 | D:11     | Found a gate leading to a gauntlet.
  9824 | Gauntlet | Entered a Gauntlet
  9824 | Gauntlet | Found a transporter.
  9835 | Gauntlet | Found a transporter.
  9837 | Gauntlet | Found a transporter.
  9838 | Gauntlet | Found a transporter.
  9852 | Gauntlet | Found a transporter.
  9867 | Gauntlet | Found a transporter.
  9874 | Gauntlet | Found a transporter.
  9879 | Gauntlet | Noticed a thrashing horror
  9888 | Gauntlet | Noticed a thrashing horror
  9889 | Gauntlet | Found a transporter.
  9908 | Gauntlet | Found a transporter.
  9909 | Gauntlet | Noticed a balrug
  9920 | Gauntlet | Found a transporter.
  9923 | Gauntlet | Noticed a ghost crab
  9932 | Gauntlet | Found a transporter.
  9939 | Gauntlet | Noticed a death drake
  9944 | Gauntlet | Found a transporter.
  9946 | Gauntlet | Noticed a glowing orange brain
  9946 | Gauntlet | Noticed a red ugly thing
  9946 | Gauntlet | Noticed a green ugly thing
  9950 | Gauntlet | Noticed a glowing orange brain
  9956 | Gauntlet | Found a transporter.
  9956 | Gauntlet | Noticed an obsidian statue
  9973 | Gauntlet | Found a transporter.
 10002 | Gauntlet | Found a transporter.
 10004 | Gauntlet | Found a transporter.
 10027 | Gauntlet | Noticed an arcanist
 10034 | Gauntlet | Found a transporter.
 10036 | Gauntlet | Found a transporter.
 10090 | Gauntlet | Killed an arcanist
 10162 | Gauntlet | Identified the +0 pair of gloves of Nyibin {rPois Str-5
                  | SInv Stlth+}
 10167 | Gauntlet | Identified the +10 plate armour "Tellatzigu" {rCorr Str+3
                  | Slay+2}
 10387 | Gauntlet | Identified the +8 war axe of Kuosol {flame, Int+7}
 10387 | Gauntlet | Noticed a minotaur
 10424 | Gauntlet | HP: 4/86 [minotaur/silver javelin (18)]
 10433 | Gauntlet | HP: 3/86 [minotaur/arrow (31)]
 10433 | Gauntlet | Shot with an arrow by a minotaur

Illustrated notes

Levels and vault maps discovered:
D:1:      wheals_arrival_linesprint, layout_rooms, serial_shops, shop,
          nicolae_kite_square_tiling_tiny, minmay_tromino_mix6
D:2:      layout_basic
D:3:      layout_loops_ring, lemuel_round_altar,
          mainiacjoe_overflow_six_doors_small
D:4:      nicolae_cairo_tiling_very_big, layout_basic, trog_butcher_becter,
          minmay_temple_entry_proselytizer
D:5:      layout_layer_cave, feat_on_display
D:6:      layout_rooms, zin_academy
D:7:      layout_cave_pools, uniq_prince_ribbit1, uniq_menkaure, uniq_jeremiah
D:8:      layout_rooms, kennysheep_mini, dpeg_oklobed_lair, ebering_ghost_xom,
          serial_park_tiny_1
D:9:      lemuel_ice_spiral_2, layout_basic, nicolae_two_hexagons
D:10:     layout_roguey, overflow_temple_1_default, kennysheep_vampire_church,
          gammafunk_temple_overflow_wave, orc_0_dummy
D:11:     layout_loops_cross, gauntlet_entry_generic
Temple:   nicolae_temple_ecumenical_triangle
Lair:1:   layout_layer_cave
Lair:2:   layout_regular_city, nicolae_swamp_entry_splash_gauntlet,
          wad_woods_03, uniq_nergalle
Gauntlet: gammafunk_gauntlet_one_two_three [gammafunk_gauntlet_arena_chambers,
          nicolae_gauntlet_arena_grate_2, nicolae_gauntlet_arena_t_cross,
          nicolae_gauntlet_arena_flowing_pool, nicolae_gauntlet_swirl,
          gammafunk_gauntlet_arena_split_diamond, gammafunk_gauntlet_arena_grid,
          gammafunk_gauntlet_arena_arrow_garden, gammafunk_gauntlet_arena_teeth,
          dreamdust_gauntlet_exit_labyrinth]

Skill      XL: |  1  2  3  4  5  6  7  8  9 10 11 |
---------------+----------------------------------+-----
Fighting       | 1 2 3 4 5 7 9 10 | 10.5
Dodging        | 3 |  3.3
Spellcasting   | 4 5 6 8 9 |  9.1
Conjurations   | 4 5 6 8 9 |  9.1
Hexes          | 4 5 6 8 9 |  9.1
Summonings     | 4 5 6 8 9 |  9.1
Necromancy     | 4 5 6 8 9 |  9.1
Translocations | 4 5 6 8 9 |  9.1
Fire Magic     | 4 5 6 8 9 |  9.1
Ice Magic      | 4 5 6 8 9 |  9.1
Air Magic      | 4 5 6 8 9 |  9.1
Earth Magic    | 4 5 6 8 9 |  9.1
Alchemy        | 4 5 6 8 9 |  9.1
Armour         | 1 2 3 5 7 8 10 | 10.2
Stealth        | |  1.5

Action                     |  1- 3 |  4- 6 |  7- 9 | 10-12 || total
---------------------------+-------+-------+-------+-------++-------
  Melee: Whip              |       |    84 |    50 |    25 ||   159
         Punch             |       |     2 |     3 |     8 ||    13
         Staff             |       |       |       |    29 ||    29
   Cast: Magic Dart        |    49 |    71 |    34 |     4 ||   158
         Necrotise         |     3 |     9 |     1 |       ||    13
         Searing Ray       |       |     8 |    66 |   102 ||   176
         Call Canine Famil |       |       |     8 |    25 ||    33
         Summon Forest     |       |       |       |     2 ||     2
         Frozen Ramparts   |       |       |       |     2 ||     2
 Invoke: Call Merchant     |       |       |     1 |       ||     1
    Use: Scroll            |       |     9 |     9 |    13 ||    31
         Potion            |       |       |       |     7 ||     7
   Stab: Distracted        |       |       |     2 |     1 ||     3
 Armour: Robe              |     2 |     8 |       |       ||    10
         Ring mail         |       |    79 |   124 |   170 ||   373
  Dodge: Dodged            |     3 |    61 |   194 |   300 ||   558

Table legend: (Time is in decaauts)
 A = Elapsed time spent in this place.
 B = Non-inter-level travel time spent in this place.
 C = Inter-level travel time spent in this place.
 D = Time resting spent in this place.
 E = Time spent auto-exploring this place.
 F = Levels seen in this place.
 G = Mean time per level.
                   A        B        C        D        E       F      G
               +--------+--------+--------+--------+--------+-----+--------+
         Total |  10445 |   9955 |    490 |    699 |   6866 |  15 |  696.3 |
       Dungeon |   8592 |   8166 |    426 |    526 |   5905 |  11 |  781.1 |
        Temple |     22 |     15 |      7 |      0 |      0 |   1 |   22.0 |
          Lair |   1220 |   1164 |     56 |     34 |    925 |   2 |  610.0 |
      Gauntlet |    609 |    609 |      0 |    139 |     36 |   1 |  609.0 |
               +--------+--------+--------+--------+--------+-----+--------+

Top non-repeatable levels by time:
     D:5: 1279 daAuts
  Lair:1: 1206 daAuts
    D:10: 1077 daAuts
     D:4: 993 daAuts
     D:3: 947 daAuts
     D:2: 805 daAuts
     D:1: 719 daAuts
     D:9: 716 daAuts
     D:7: 673 daAuts
     D:8: 652 daAuts
Gauntlet: 609 daAuts
     D:6: 605 daAuts
    D:11: 119 daAuts
  Temple: 22 daAuts
  Lair:2: 14 daAuts
